 Dungeon Crawl Stone Soup version 0.32-a0-17-gb74e046682 (webtiles) character file.

Game seed: 12305870336995851436

41717 cforsyth the Warrior (level 14, -9/250 HPs)
             Began as an Oni Shapeshifter on Jan 15, 2024.
             Was a High Priest of Qazlal.
             Mangled by a komodo dragon (15 damage)
             ... on level 4 of the Lair of Beasts.
             The game lasted 00:31:59 (21223 turns).

cforsyth the Warrior (Oni Shapeshifter)            Turns: 21223, Time: 00:32:00

Health: -9/250     AC: 14    Str: 31    XL:     14   Next: 16%
Magic:  14/14      EV:  8    Int: 11    God:    Qazlal [*****.]
Gold:   1863       SH:  6    Dex:  8    Spells: 13/13 levels left

rFire   . .          .
                       - Unarmed
rCold   + + .        (no shield)
rNeg    . . .        e - +1 ice dragon scales
rPois   .            (helmet currently unavailable)
rElec   .            (cloak currently unavailable)
rCorr   .            (gloves unavailable)
SInv    .            (boots unavailable)
Will    +....        (no amulet) Stlth
                     B - ring of protection from fire
HPRegen 0.61/turn    K - +6 ring of strength
MPRegen 0.14/turn

%: repel missiles
@: berserking, beast-form, protected from physical damage, hasted, very quick
A: beast (slay +4), large, unfitting armour, horns 1, tough skin 1, double
potion healing, drunken brawling
a: Begin Untransformation, Renounce Religion, Upheaval, Elemental Force,
Disaster Area


You were on level 4 of the Lair of Beasts.
You worshipped Qazlal.
Qazlal was extremely pleased with you.
You were a hulking beast.
You visited 3 branches of the dungeon, and saw 18 of its levels.
You also visited: Bailey and Gauntlet.

You collected 1863 gold pieces.

Inventory:

Hand Weapons
 h - a +0 halberd
 o - a +3 triple sword of draining
Missiles
 w - 5 throwing nets (quivered)
Armour
 a - a +0 animal skin
 e - +1 ice dragon scales (worn)
 n - a +1 hat
 H - a +1 cloak
 L - a +1 helmet of intelligence
 Q - a +2 pair of boots of flying
Jewellery
 p - a ring of magical power
 z - a ring of positive energy
 B - a ring of protection from fire (left hand)
 F - a +6 ring of dexterity
 K - a +6 ring of strength (right hand)
 N - a ring of protection from cold
 R - the amulet "Baofel" {Spirit Harm Str+3}
   (You found it in a Gauntlet)

   [amulet of guardian spirit]

   Spirit:    It causes incoming damage to be divided between your reserves of
   health and magic.
   Str+3:     It affects your strength (+3).
   Harm:      It increases damage dealt and taken.
 T - a ring of positive energy
 U - a ring of protection from fire
Talismans
 d - a flux talisman
 G - a beast talisman
Wands
 c - a wand of mindburst (7)
 q - a wand of paralysis (9)
 r - a wand of flame (46)
 s - a wand of polymorph (7)
 D - a wand of digging (9)
 J - a wand of quicksilver (2)
 M - a wand of iceblast (4)
Scrolls
 g - 4 scrolls of immolation
 i - 2 scrolls of amnesia
 j - 3 scrolls of poison
 m - 6 scrolls of fog
 t - a scroll of silence {unknown}
 u - 2 scrolls of noise
 x - 3 scrolls of enchant weapon
 y - a scroll of vulnerability
 I - a scroll of teleportation
 P - a scroll of enchant armour
Potions
 f - a potion of enlightenment
 k - 4 potions of might
 l - a potion of magic
 A - a potion of lignification
 C - 3 potions of mutation
 E - a potion of berserk rage
 O - 2 potions of brilliance {unknown}
 S - a potion of invisibility


   Skills:
 + Level 17.8 Fighting
 - Level 1.7 Dodging
 + Level 13.0 Unarmed Combat
 + Level 13.0 Shapeshifting


You had 13 spell levels left.
You didn't know any spells.
Your spell library contained the following spells:

 Spells                   Type           Power      Damage    Failure   Level
 Apportation              Tloc           0%         N/A       65%         1
 Kiss of Death            Conj/Necr      0%         2d5       65%         1
 Necrotise                Necr           0%         1d4       65%         1
 Slow                     Hex            0%         N/A       65%         1
 Sting                    Conj/Alch      0%         1d3       65%         1
 Summon Small Mammal      Summ           0%         N/A       65%         1
 Ensorcelled Hibernation  Hex/Ice        0%         N/A       78%         2
 Frozen Ramparts          Ice            0%         1d1       95%         3
 Inner Flame              Hex/Fire       0%         N/A       95%         3
 Passwall                 Erth           0%         N/A       95%         3
 Swiftness                Air            0%         N/A       95%         3
 Tukima's Dance           Hex            0%         N/A       95%         3
 Dimensional Bullseye     Hex/Tloc       0%         N/A       100%        4
 Flame Wave               Conj/Fire      0%         2d4       100%        4
 Iskenderun's Mystic Bla  Conj/Tloc      0%         2d3       100%        4
 Leda's Liquefaction      Alch/Erth      0%         N/A       100%        4
 Petrify                  Alch/Erth      0%         N/A       100%        4
 Sticky Flame             Fire/Alch      0%         2d4       100%        4
 Metabolic Englaciation   Hex/Ice        0%         N/A       100%        5


Dungeon Overview and Level Annotations

Branches:
Dungeon (12/15)            Temple (1/1) D:5            Lair (5/5) D:10
 Shoals (0/4) Lair:3       Spider (0/4) Lair:3       Bailey (visited)
Gauntlet (visited)
  Slime: Lair:4-5       Orc: D:9-12

Altars:
Ashenzari
Cheibriados
Dithmenos
Elyvilon
Fedhas
Gozag
Hepliaklqana
Kikubaaqudgha
Makhleb
Nemelex Xobeh
Okawaru
Qazlal
Ru
Sif Muna
Trog
Uskayaw
Vehumet
Wu Jian
Xom
Yredelemnul
Zin
The Shining One
Ignis

Annotations:
D:12 Jorgrun, Snorg
Lair:4 Josephine


Innate Abilities, Weirdness & Mutations

You are a hulking beast.
Your limbs bulge with bestial killing power. (Slay +4)
You are too large for most types of armour.
You have a pair of small horns on your head.
You have tough skin. (AC +1)
You gain doubled healing and magic from potions.
Whenever you drink a healing potion, you attack all around you.


Message History

You feel yourself speed up. You block the black mamba's attack.
The black mamba completely misses you.
The komodo dragon is engulfed in freezing vapours.
The komodo dragon seems to slow down.
Josephine grins malevolently.
The yak barely misses you.
The komodo dragon bites you but does no damage.
The komodo dragon bites you!
* * * LOW HITPOINT WARNING * * *
You hit the black mamba but do no damage.
The black mamba is moderately wounded.
You hear a croak.
The black mamba bites you but does no damage.
The komodo dragon is engulfed in freezing vapours.
The komodo dragon seems to slow down.
You hit the black mamba but do no damage.
The black mamba is moderately wounded.
The black mamba barely misses you. You block the yak's attack.
The komodo dragon bites you but does no damage.
The komodo dragon bites you!!
* * * LOW HITPOINT WARNING * * *
You take a swig of the potion and flex your muscles.
You punch the black mamba!
The black mamba is severely wounded.
You pummel the komodo dragon!!
You kill the komodo dragon!
Qazlal accepts your kill.
You punch the yak! Your headbutt misses the yak.
The yak is almost dead.
You punch the komodo dragon! You headbutt the komodo dragon!
The komodo dragon is heavily wounded.
You savour every drop.
You feel better. The black mamba bites you!
* * * LOW HITPOINT WARNING * * *
Your Unarmed Combat skill increases to level 13!
A red film seems to cover your vision as you go berserk!
You feel yourself moving faster!
You feel mighty! The black mamba barely misses you. The yak gores you.
* * * LOW HITPOINT WARNING * * *
The komodo dragon bites you!
You die...

#.....###.# ....# #.
#.........#...... .. #..
.........#.....# ..
###.#.. P........#....
#.##..#...# #..#..#...
##.#P......# #....##.#
..#.......#..P ###Y....#
...#.#..P.....###lF#..†.#
.....<.........ShYY@>...#
..............###l###..##
#.#...#P...... ### ...#
#..#..#....... ....#
#..<.......... .##..@
#######.#..... .# ###..
##..P.. #. ### .##. . ..


You could see Josephine, 2 elephants, 2 komodo dragons, a black mamba, a yak and
a cane toad.

Vanquished Creatures
  A minotaur (Gauntlet)
  Harold (Lair:1)
  2 hydras
  A two-headed ogre (D:8)
  Erica (D:8)
  Urug (D:10)
  Amaemon (Lair:1)
  A skyshark (Lair:2)
  4 sixfirhies (Gauntlet)
  A cyclops (D:11)
  An ugly thing (D:11)
  Maurice (D:9)
  A meliai (Lair:3)
  2 elephants (Lair:4)
  A water nymph (Lair:3)
  7 black mambas
  An orange demon (Lair:2)
  5 komodo dragons
  An unseen horror (D:11)
  8 cane toads
  An unseen horror zombie (D:9)
  2 rime drakes
  A merfolk (Lair:3)
  3 trolls (D:11)
  3 polar bears
  3 hornets (Gauntlet)
  2 raiju (Gauntlet)
  3 blink frogs (Lair:3)
  5 wyverns
  A wraith (D:10)
  16 yaks
  Grum (D:9)
  4 basilisks
  2 steam dragons
  3 vampire mosquitoes (D:11)
  Menkaure (D:6)
  10 water moccasins
  10 orc warriors (Bailey)
  5 black bears
  2 ogres (D:4)
  8 wolves
  14 centaurs
  A phantom (D:6)
  4 kobold brigands
  8 bullfrogs
  2 gnoll sergeants
  A scorpion (D:10)
  7 wights
  11 killer bees
  3 centaur zombies (D:9)
  3 hounds
  2 jellies
  A gnoll bouda (D:7)
  7 orc priests
  8 iguanas
  3 sleepcaps
  6 orc wizards
  2 killer bee zombies (D:9)
  Robin (D:3)
  15 gnolls
  8 adders
  2 white imps
  2 ufetubi (D:5)
  3 ribbon worms
  A dart slug (D:1)
  55 orcs
  3 endoplasms
  3 giant cockroaches
  18 goblins
  7 hobgoblins
  4 jackals (D:2)
  8 ball pythons
  4 bats
  4 frilled lizards
  22 kobolds
  4 rats
375 creatures vanquished.

Vanquished Creatures (others)
  An orc (D:7)
  A goblin (D:7)
  3 kobolds (D:7)
5 creatures vanquished.

Grand Total: 380 creatures vanquished

Notes
Turn   | Place    | Note
-------+----------+-------------------------------------------
     0 | D:1      | cforsyth the Oni Shapeshifter began the quest for the Orb.
     0 | D:1      | Reached XP level 1. HP: 19/19 MP: 1/1
    15 | D:1      | Found a faded altar of an unknown god.
   112 | D:1      | Reached XP level 2. HP: 24/28 MP: 2/2
   113 | D:1      | Reached skill level 2 in Fighting
   659 | D:2      | Reached XP level 3. HP: 33/36 MP: 3/3
   825 | D:2      | Reached skill level 3 in Fighting
   909 | D:2      | Reached XP level 4. HP: 45/45 MP: 4/4
  1276 | D:3      | Reached XP level 5. HP: 54/54 MP: 5/5
  1338 | D:3      | Reached skill level 4 in Fighting
  1367 | D:3      | Noticed Robin
  1403 | D:3      | Killed Robin
  1431 | D:3      | Found a burning altar of Makhleb.
  2024 | D:3      | Found a sparkling altar of Nemelex Xobeh.
  2189 | D:4      | Noticed an ogre
  2199 | D:4      | Killed an ogre
  2200 | D:4      | Reached XP level 6. HP: 65/65 MP: 6/6
  2272 | D:4      | Reached skill level 5 in Fighting
  2475 | D:4      | Found a glowing golden altar of the Shining One.
  2595 | D:4      | Reached XP level 7. HP: 42/72 MP: 7/7
  2850 | D:4      | Found a snail-covered altar of Cheibriados.
  2890 | D:4      | Found a hazy altar of Hepliaklqana.
  2891 | D:4      | Found a shimmering altar of Xom.
  2892 | D:4      | Noticed a spectral ugly thing
  2979 | D:4      | Found an ancient bone altar of Kikubaaqudgha.
  2985 | D:4      | Found a shimmering blue altar of Sif Muna.
  2988 | D:4      | Found an opulent altar of Gozag.
  3095 | D:5      | Entered Level 5 of the Dungeon
  3245 | D:5      | Reached skill level 6 in Fighting
  3245 | D:5      | Reached skill level 5 in Shapeshifting
  3744 | D:5      | Found a staircase to the Ecumenical Temple.
  3751 | D:5      | Reached skill level 5 in Unarmed Combat
  3756 | Temple   | Entered the Ecumenical Temple
  3765 | Temple   | Became a worshipper of Qazlal Stormbringer
  4429 | D:6      | Reached XP level 8. HP: 84/84 MP: 8/8
  4604 | D:6      | Noticed Menkaure
  4614 | D:6      | Killed Menkaure
  4615 | D:6      | Reached skill level 7 in Fighting
  4669 | D:6      | Noticed a boulder beetle
  5057 | D:7      | Reached * piety under Qazlal
  5058 | D:7      | Reached skill level 8 in Fighting
  5075 | D:7      | Found a flagged portal.
  5088 | Bailey   | Entered a bailey
  5543 | Bailey   | Reached XP level 9. HP: 91/97 MP: 9/9
  5868 | Bailey   | Reached skill level 9 in Fighting
  6362 | Bailey   | Reached ** piety under Qazlal
  7076 | Bailey   | Reached skill level 10 in Fighting
  7877 | D:7      | Reached XP level 10. HP: 111/111 MP: 10/10
  8857 | D:8      | Reached *** piety under Qazlal
  8858 | D:8      | Reached skill level 11 in Fighting
  8923 | D:8      | Noticed a two-headed ogre
  8932 | D:8      | Killed a two-headed ogre
  9274 | D:8      | Noticed Erica
  9288 | D:8      | Killed Erica
  9812 | D:9      | Reached skill level 12 in Fighting
  9854 | D:9      | Noticed Grum
  9857 | D:9      | Noticed Maurice
  9861 | D:9      | Killed Grum
  9873 | D:9      | Something stole a beast talisman
  9877 | D:9      | Something stole a ring of magical power
  9879 | D:9      | Something stole a +3 triple sword of draining
  9895 | D:9      | Something stole 430 gold
  9900 | D:9      | Something stole 118 gold
  9904 | D:9      | Killed Maurice
 10225 | D:9      | Reached XP level 11. HP: 94/124 MP: 11/11
 11102 | D:10     | Entered Level 10 of the Dungeon
 11134 | D:10     | Reached skill level 13 in Fighting
 11338 | D:10     | Found a blossoming altar of Fedhas.
 11417 | D:10     | Found a staircase to the Lair.
 11465 | D:10     | Noticed Urug
 11480 | D:10     | Killed Urug
 12638 | D:11     | Noticed a cyan ugly thing
 12646 | D:11     | Killed a cyan ugly thing
 12647 | D:11     | Reached skill level 10 in Shapeshifting
 12841 | D:11     | Reached skill level 10 in Unarmed Combat
 12937 | D:11     | Reached **** piety under Qazlal
 13127 | D:12     | Noticed Jorgrun
 13334 | D:11     | Noticed a cyclops
 13342 | D:11     | Killed a cyclops
 13740 | D:12     | Noticed a cyclops
 14012 | D:12     | Noticed Snorg
 14237 | Lair:1   | Entered Level 1 of the Lair of Beasts
 14246 | Lair:1   | Reached skill level 14 in Fighting
 14694 | D:10     | Reached XP level 12. HP: 100/139 MP: 12/12
 14695 | D:10     | Reached skill level 15 in Fighting
 14695 | D:10     | Reached XP level 13. HP: 108/150 MP: 13/13
 15404 | Lair:1   | Noticed Harold
 15417 | Lair:1   | Killed Harold
 15418 | Lair:1   | Reached skill level 16 in Fighting
 16296 | Lair:2   | Identified a scroll of acquirement
 16296 | Lair:2   | Acquired 783 gold pieces
 16309 | Lair:2   | Noticed Amaemon
 16538 | Lair:1   | Killed Amaemon
 16546 | Lair:1   | HP: 7/154 [poisoned by Amaemon]
 16551 | Lair:1   | HP: 3/154 [poisoned by Amaemon]
 16554 | Lair:1   | HP: 1/154 [poisoned by Amaemon]
 17222 | Lair:2   | Identified the +5 battleaxe "Pith" {antimagic, SInv}
 18412 | Lair:3   | Found a gate leading to a gauntlet.
 18424 | Gauntlet | Entered a Gauntlet
 18424 | Gauntlet | Found a transporter.
 18424 | Gauntlet | Found a transporter.
 18424 | Gauntlet | Found a runed translucent door.
 18424 | Gauntlet | Found a runed translucent door.
 18628 | Gauntlet | Found a transporter.
 18640 | Gauntlet | Found a transporter.
 18658 | Gauntlet | Found a transporter.
 18658 | Gauntlet | Found a transporter.
 18658 | Gauntlet | Found a transporter.
 18660 | Gauntlet | Found a transporter.
 18660 | Gauntlet | Found a transporter.
 18672 | Gauntlet | Found a transporter.
 18687 | Gauntlet | Found a runed translucent gate.
 18688 | Gauntlet | Found a transporter.
 18688 | Gauntlet | Found a runed translucent gate.
 18689 | Gauntlet | Found a runed translucent gate.
 18695 | Gauntlet | Noticed a great orb of eyes
 18698 | Gauntlet | Found a transporter.
 18713 | Gauntlet | Found a transporter.
 18734 | Gauntlet | Found a transporter.
 18786 | Gauntlet | Paralysed by a hornet for 3 turns
 18794 | Gauntlet | Reached skill level 17 in Fighting
 18796 | Gauntlet | Paralysed by a hornet for 1 turns
 18936 | Gauntlet | Reached ***** piety under Qazlal
 19782 | Gauntlet | Identified the amulet "Baofel" {Spirit Harm Str+3}
 20004 | Gauntlet | Noticed a minotaur
 20009 | Gauntlet | Killed a minotaur
 20015 | Gauntlet | Got First Steps in Acroamatic Knowledge
 20131 | Lair:3   | Reached XP level 14. HP: 95/166 MP: 14/14
 20300 | Lair:3   | Found a staircase to the Shoals.
 20592 | Lair:3   | Found a hole to the Spider Nest.
 21173 | Lair:4   | You fall into a shaft and drop 1 floor!
 21173 | Lair:5   | Entered Level 5 of the Lair of Beasts
 21211 | Lair:4   | Noticed Josephine
 21221 | Lair:4   | HP: 3/167 [komodo dragon (24)]
 21223 | Lair:4   | Mangled by a komodo dragon

Illustrated notes

Levels and vault maps discovered:
D:1:      ncdulo_wetmaze, layout_basic, hellmonk_ecumenical_altar_blasted
D:2:      layout_loops_cross, st_stairs_3
D:3:      layout_basic, lemuel_coloured_pillars_altar, lemuel_round_altar,
          uniq_robin
D:4:      cheibrodos_pilgrimage, layout_loops_ring,
          regret_index_temple_of_mockery, nicolae_tso_carved_into_rock,
          minmay_overflow_temple_star_quad, lemuel_crystal_altar,
          grunt_ministairs_1, minmay_misc_feat_pillars, serial_park_tiny_pond
D:5:      layout_basic, minmay_temple_entry_junction_2, kennysheep_cross_room,
          minmay_misc_feat_tower, kennysheep_nub
D:6:      layout_basic, uniq_menkaure
D:7:      layout_basic, enter_bailey_5, dreamdust_wishing_well
D:8:      layout_loops_ring, uniq_erica
D:9:      layout_irregular_city, serial_undead, serial_undead_f,
          serial_undead_b, serial_undead_a, serial_undead_f, uniq_maurice,
          uniq_grum
D:10:     layout_basic, fedhas_altar_fruit_tree, minmay_lair_entry_grove,
          hex_large, st_stairs_14, uniq_urug
D:11:     layout_loops_cross
D:12:     layout_rooms, orc_0_dummy, minmay_mirror_moons_of_madness,
          uniq_jorgrun, uniq_snorg
Temple:   ebering_untended_altars
Lair:1:   layout_chaotic_city, beast_lair_carwin_7, uniq_harold
Lair:2:   layout_layer_cave, serial_bayou_shore_b, infiniplex_staircase_pool_2,
          uniq_amaemon
Lair:3:   layout_big_grid, nicolae_shoals_entry_flooding,
          hellmonk_spider_entry_not_the_bees, gauntlet_entry_generic,
          beast_lair_carwin_9, grunt_megastairs_5
Lair:4:   layout_loops_ring, minmay_slime_entry_oklob_enclosed,
          beast_lair_carwin_6, grunt_megastairs_3, serial_bayou_shore_b,
          lemuel_fruit_tree, uniq_josephine, uniq_nessos
Lair:5:   hellmonk_lair_end_abyssal_woods, layout_hall_layers, basic_altar,
          lemuel_fruit_fields

Skill      XL: |  1  2  3  4  5  6  7  8  9 10 11 12 13 14 |
---------------+-------------------------------------------+-----
Fighting       | 2 3 4 5 6 8 10 12 14 15 17 | 17.8
Unarmed Combat | 3 4 5 6 7 9 10 11 12 13 | 13.0
Shapeshifting  | 4 5 6 7 9 10 11 12 13 | 13.0
Dodging        | |  1.7

Action                     |  1- 3 |  4- 6 |  7- 9 | 10-12 | 13-15 || total
---------------------------+-------+-------+-------+-------+-------++-------
  Melee: Unarmed           |    90 |   144 |   272 |   334 |   319 ||  1159
         Headbutt          |    10 |    23 |    54 |    64 |    64 ||   215
         Punch             |     1 |     2 |     6 |    18 |    16 ||    43
         Halberd           |       |       |    68 |       |       ||    68
  Evoke: Wand              |       |     4 |     2 |     6 |     7 ||    19
    Use: Scroll            |       |       |    12 |     4 |     7 ||    23
         Potion            |       |       |     3 |     4 |     6 ||    13
   Stab: Paralysed         |       |     5 |    10 |     3 |       ||    18
 Armour: Ice dragon scales |    60 |    96 |   414 |   423 |   331 ||  1324
         Animal skin       |     7 |       |       |       |       ||     7
         Skin              |       |       |       |     2 |       ||     2
  Dodge: Dodged            |    31 |    30 |   175 |   136 |   118 ||   490
         Repelled          |       |       |       |       |     1 ||     1
  Block: Other             |       |       |    17 |    64 |    75 ||   156

Table legend: (Time is in decaauts)
 A = Elapsed time spent in this place.
 B = Non-inter-level travel time spent in this place.
 C = Inter-level travel time spent in this place.
 D = Time resting spent in this place.
 E = Time spent auto-exploring this place.
 F = Levels seen in this place.
 G = Mean time per level.
                   A        B        C        D        E       F      G
               +--------+--------+--------+--------+--------+-----+--------+
         Total |  21112 |  20675 |    437 |   5788 |  11458 |  20 | 1055.6 |
       Dungeon |  12206 |  11843 |    363 |   2530 |   7477 |  12 | 1017.2 |
        Temple |     18 |      9 |      9 |      0 |      0 |   1 |   18.0 |
          Lair |   4435 |   4370 |     65 |    564 |   3194 |   5 |  887.0 |
        Bailey |   2768 |   2768 |      0 |   1388 |    653 |   1 | 2768.0 |
      Gauntlet |   1683 |   1683 |      0 |   1306 |    134 |   1 | 1683.0 |
               +--------+--------+--------+--------+--------+-----+--------+

Top non-repeatable levels by time:
  Bailey: 2768 daAuts
     D:9: 1810 daAuts
  Lair:1: 1796 daAuts
    D:11: 1776 daAuts
    D:10: 1720 daAuts
Gauntlet: 1683 daAuts
  Lair:2: 1414 daAuts
     D:4: 1316 daAuts
  Lair:3: 1182 daAuts
     D:8: 1071 daAuts
     D:5: 1019 daAuts
     D:7: 974 daAuts
     D:3: 785 daAuts
     D:2: 672 daAuts
     D:1: 579 daAuts
